 Dungeon Crawl Stone Soup version 0.23-b1-70-gd12f7cf (webtiles) character file.

Game seed: 1605495767747246707

547289 Monsterracer the Slayer (level 26, -5/186 HPs)
             Began as a Gargoyle Chaos Knight on Feb 5, 2019.
             Was the Champion of the Shining One.
             Killed by divine providence
             ... invoked by a daeva
              (13 damage)
             ... in Pandemonium on Feb 6, 2019.
             The game lasted 00:57:53 (50241 turns).

Monsterracer the Slayer (Gargoyle Chaos Knight)    Turns: 50241, Time: 00:57:54

Health: -5/186     AC: 55    Str: 34    XL:     26   Next: 19%
Magic:  38/38      EV: 18    Int: 14    God:    the Shining One [******]
Gold:   4491       SH: 23    Dex: 23    Spells: 25/25 levels left

rFire    + + +     SeeInvis +   a - +8 mithril axe "Arga" {speed, MR+}
rCold    + + .     Gourm    .   x - +7 shield "Kefran" {Slay+3}
rNeg     + + +     Faith    .   y - +4 gold dragon scales
rPois    ∞         Spirit   .   I - +2 hat of the Shining Light {rElec SInv}
rElec    +         Reflect  .   p - +2 cloak {+Inv}
rCorr    .         Harm     .   W - +2 pair of gloves {Dex+3}
MR       ++...                  P - +2 pair of boots of Okawaru's Vengeance {rPois Slay+6 Stlth-}
Stlth    ..........             G - amulet "Zalixyx" {+Rage Str+4 Slay+5}
HPRegen  0.41/turn              U - ring "Hotwa" {rF+ rC+ Int-2 Dex+2 Slay+2}
MPRegen  0.26/turn              E - ring "Geinliez" {Dex+3 Slay+3}

@: mighty, berserk cooldown, flying, slowed, glowing, very slow
A: antennae 1, big wings, claws 1, thin skeletal structure 1, agile 1, clever 1,
deformed body, fire resistance 1, high mp 1, negative energy resistance 1,
electricity resistance, unbreathing, petrification resistance, rot immunity,
MP-powered wands, AC +20
}: 3/15 runes: barnacled, silver, gossamer
a: Stop Flying, Divine Shield, Cleansing Flame, Summon Divine Warrior, Brand
Weapon With Holy Wrath, Renounce Religion, Evoke Berserk Rage, Evoke
Invisibility


You were in Pandemonium.
You worshipped the Shining One.
The Shining One was exalted by your worship.
You were not hungry.

You visited 8 branches of the dungeon, and saw 42 of its levels.
You visited Pandemonium 1 time, and saw 3 of its levels.
You visited the Abyss 2 times.
You also visited: Bailey.

You collected 6223 gold pieces.
You spent 1732 gold pieces at shops.

Inventory:

Hand Weapons
 a - the +8 mithril axe "Arga" (weapon) {speed, MR+}
   (Okawaru gifted it to you on level 4 of the Shoals)

   Attacks with this weapon are significantly faster.
   It affects your resistance to hostile enchantments.
Missiles
 R - 2 throwing nets (quivered) {!f}
Armour
 b - a +0 large shield of resistance
 p - a +2 cloak of invisibility (worn)
 x - the +7 shield "Kefran" (worn) {Slay+3}
   (Okawaru gifted it to you on level 4 of the Shoals)

   It affects your accuracy and damage with ranged weapons and melee attacks
   (+3).
 y - +4 gold dragon scales (worn)
 I - the +2 hat of the Shining Light (worn) {rElec SInv}
   (You found it on level 3 of the Depths)

   It insulates you from electricity.
   It lets you see invisible.
 P - the +2 pair of boots of Okawaru's Vengeance (worn) {rPois Slay+6 Stlth-}
   (Okawaru gifted it to you on level 4 of the Lair of Beasts)

   It affects your accuracy and damage with ranged weapons and melee attacks
   (+6).
   It protects you from poison.
   It makes you less stealthy.
 W - a +2 pair of gloves of dexterity (worn)
Jewellery
 B - an uncursed ring of resist corrosion
 E - the ring "Geinliez" (right hand) {Dex+3 Slay+3}
   (You found it on level 4 of the Vaults)

   [ring of slaying]

   It affects your dexterity (+3).
   It affects your accuracy and damage with ranged weapons and melee attacks
   (+3).
 F - an uncursed ring of protection from fire {!d}
 G - the amulet "Zalixyx" (around neck) {+Rage Str+4 Slay+5}
   (You found it on level 5 of the Vaults)

   [amulet of rage]

   It affects your strength (+4).
   It affects your accuracy and damage with ranged weapons and melee attacks
   (+5).
   It lets you go berserk.
 M - an uncursed ring of protection from magic {!d}
 U - the ring "Hotwa" (left hand) {rF+ rC+ Int-2 Dex+2 Slay+2}
   (You found it on level 6 of the Lair of Beasts)

   [ring of protection from fire]

   It affects your intelligence (-2).
   It affects your dexterity (+2).
   It affects your accuracy and damage with ranged weapons and melee attacks
   (+2).
   It protects you from fire.
   It protects you from cold.
Wands
 v - a wand of digging (9)
 N - a wand of paralysis (65)
 V - a wand of acid (16)
Scrolls
 f - 14 scrolls of identify
 m - 6 scrolls of magic mapping
 n - a scroll of holy word
 r - 21 scrolls of remove curse
 s - 2 scrolls of summoning {!r}
 t - 18 scrolls of teleportation {!r}
 A - 7 scrolls of fear {!r}
 D - 3 scrolls of silence
 K - 6 scrolls of fog
 X - 6 scrolls of blinking
Potions
 d - 7 potions of agility
 e - 18 potions of curing
 g - a potion of ambrosia {!q}
 h - 6 potions of berserk rage {!q}
 i - 5 potions of magic
 j - 6 potions of lignification
 k - 6 potions of resistance
 o - 9 potions of might
 u - 7 potions of cancellation
 w - 4 potions of heal wounds
 z - 4 potions of invisibility
 C - 11 potions of haste
 Q - 7 potions of mutation {!q}
Comestibles
 c - 70 rations


   Skills:
 * Level 24.4 Fighting
 - Level 17.2(18.0) Axes
   Level 10.0(15.4) Maces & Flails
 + Level 20.7 Armour
 + Level 13.5 Dodging
 - Level 15.0 Shields
 * Level 16.4 Invocations


You had 25 spell levels left.
You didn't know any spells.
Your spell library contained the following spells:

 Spells                   Type           Power        Failure   Level  Hunger
 Apportation              Tloc           #.....       91%         1    ##.....
 Beastly Appendage        Tmut           #.....       91%         1    ##.....
 Flame Tongue             Conj/Fire      #....        91%         1    ##.....
 Sting                    Conj/Pois      #...         91%         1    ##.....
 Summon Butterflies       Summ           #.......     91%         1    ##.....
 Summon Small Mammal      Summ           #...         91%         1    ##.....
 Blink                    Tloc           N/A          97%         2    ###....
 Call Imp                 Summ           #.......     97%         2    ###....
 Corpse Rot               Necr           N/A          97%         2    ###....
 Ensorcelled Hibernation  Hex/Ice        #.....       97%         2    ###....
 Poisonous Vapours        Pois/Air       #.....       97%         2    ###....
 Shroud of Golubria       Chrm/Tloc      #.........   97%         2    ###....
 Sticks to Snakes         Tmut           #.......     97%         2    ###....
 Throw Flame              Conj/Fire      #.....       97%         2    ###....
 Call Canine Familiar     Summ           #.......     99%         3    ####...
 Conjure Flame            Conj/Fire      #.......     99%         3    ####...
 Gell's Gravitas          Tloc           #.........   99%         3    ####...
 Ignite Poison            Fire/Tmut/Pois #.......     99%         3    ####...
 Inner Flame              Hex/Fire       #.......     99%         3    ####...
 Lesser Beckoning         Tloc           #.........   99%         3    ####...
 Ozocubu's Armour         Chrm/Ice       #.......     99%         3    ####...
 Portal Projectile        Hex/Tloc       #.....       99%         3    ####...
 Regeneration             Chrm/Necr      #.........   99%         3    ####...
 Spider Form              Tmut/Pois      #.........   99%         3    ####...
 Static Discharge         Conj/Air       #.......     99%         3    ####...
 Summon Guardian Golem    Hex/Summ       #.......     99%         3    ####...
 Teleport Other           Tloc           #.......     99%         3    ####...
 Tukima's Dance           Hex            #.......     99%         3    ####...
 Ice Form                 Ice/Tmut       #.......     100%        4    #####..
 Passage of Golubria      Tloc           N/A          100%        4    #####..
 Petrify                  Tmut/Erth      #.......     100%        4    #####..
 Sticky Flame             Conj/Fire      #.......     100%        4    #####..
 Summon Ice Beast         Ice/Summ       #.......     100%        4    #####..
 Summon Lightning Spire   Summ/Air       #.......     100%        4    #####..
 Agony                    Necr           #.......     100%        5    ######.
 Alistair's Intoxication  Tmut/Pois      #.......     100%        5    ######.
 Blade Hands              Tmut           #.........   100%        5    ######.
 Bolt of Draining         Conj/Necr      #.........   100%        5    ######.
 Borgnjor's Vile Clutch   Necr/Erth      #.........   100%        5    ######.
 Dispel Undead            Necr           #.......     100%        5    ######.
 Excruciating Wounds      Chrm/Necr      #.........   100%        5    ######.
 Fireball                 Conj/Fire      #.........   100%        5    ######.
 Irradiate                Conj/Tmut      #.........   100%        5    ######.
 Lightning Bolt           Conj/Air       #.........   100%        5    ######.
 Silence                  Hex/Air        #.........   100%        5    ######.
 Summon Forest            Summ/Tloc      #.........   100%        5    ######.
 Venom Bolt               Conj/Pois      #.........   100%        5    ######.
 Bolt of Fire             Conj/Fire      #.........   100%        6    #######
 Conjure Ball Lightning   Conj/Air       #.........   100%        6    #######
 Darkness                 Hex            #.........   100%        6    #######
 Deflect Missiles         Chrm/Air       #.........   100%        6    #######
 Hydra Form               Tmut           #.........   100%        6    #######
 Invisibility             Hex            #.......     100%        6    #######
 Shadow Creatures         Summ           N/A          100%        6    #######
 Dragon Form              Tmut           #.........   100%        7    #######
 Malign Gateway           Summ/Tloc      #.........   100%        7    #######
 Monstrous Menagerie      Summ           #.........   100%        7    #######
 Summon Greater Demon     Summ           #.........   100%        7    #######
 Ignition                 Fire           #.........   100%        8    #######
 Summon Horrible Things   Summ           #.........   100%        8    #######
 Shatter                  Erth           #.........   100%        9    #######
 Tornado                  Air            #.........   100%        9    #######
 Sublimation of Blood     Necr           Unusable     N/A         2    N/A
 Statue Form              Tmut/Erth      Unusable     N/A         6    N/A

Dungeon Overview and Level Annotations

Branches:
Dungeon (15/15)            Temple (1/1) D:5            Lair (6/6) D:10
 Shoals (4/4) Lair:2       Spider (4/4) Lair:2        Slime (0/5) Lair:6
    Orc (2/2) D:9             Elf (0/3) Orc:2        Vaults (5/5) D:14
  Crypt (0/3) Vaults:2     Depths (5/5) D:15            Zot (0/5) Depths:5

Altars:
Ashenzari
Cheibriados
Dithmenos
Elyvilon
Fedhas
Gozag
Hepliaklqana
Kikubaaqudgha
Makhleb
Nemelex Xobeh
Okawaru
Qazlal
Ru
Sif Muna
Trog
Uskayaw
Vehumet
Wu Jian
Xom
Yredelemnul
Zin
The Shining One
Beogh

Shops:
D:9 ?   D:13 !   D:14 [   Orc:2 }(?[   Depths:1 }   Depths:3 *

Portals:
Hell: Depths:1 Depths:2 Depths:3 Depths:4 Depths:5
Abyss: Depths:3 Depths:4
Pandemonium: Depths:3
Ziggurat: Depths:2
Bazaar: Vaults:4

Annotations:
D:3 Grinder
D:6 1 runed translucent door
D:14 2 transporters
Depths:2 1 transporter


Innate Abilities, Weirdness & Mutations

You are resistant to torment.
Your stone body is resilient. (AC +20)
You are immune to poison.
Your large and strong wings let you fly indefinitely.
You resist negative energy. (rN+)
You are resistant to electric shocks. (rElec)
You can survive without breathing.
You are immune to petrification.
You are immune to rotting.
You have a pair of small antennae on your head.
You have sharp fingernails.
You have a somewhat thin skeletal structure. (Dex +2, Stealth)
You are agile. (Dex +2)
Your mind is acute. (Int +2)
Armour fits poorly on your strangely shaped body.
Your flesh is heat resistant. (rF+)
You have an increased reservoir of magic. (+10% MP)
You expend magic power (3 MP) to strengthen your wands.


Message History

Unknown command.
Unknown command.
Really quaff
g - 2 potions of ambrosia {!q}?
You are confused.
You feel invigorated.
The daeva calls down the wrath of Zin upon you.
Zin smites you!
* * * LOW HITPOINT WARNING * * *
The daeva calls down the wrath of Zin upon you.
Zin smites you!
* * * LOW HITPOINT WARNING * * *
You take 10 damage, and have 14/186 hp.
Unknown command.
The daeva hits you but does no damage. x2
You regained 7 hp, and now have 21/186 hp.
Unknown command.
Unknown command.
You feel much better. The daeva closely misses you.
The daeva hits you but does no damage.
The daeva calls down the wrath of Zin upon you.
Zin smites you!
* * * LOW HITPOINT WARNING * * *
You regained 21 hp, and now have 42/186 hp.
Unknown command.
Unknown command.
Unknown command.
The daeva calls down the wrath of Zin upon you.
Zin smites you!
* * * LOW HITPOINT WARNING * * *
You see here a +4 long sword of holy wrath.
You take 8 damage, and have 34/186 hp.
Unknown command.
The daeva hits you but does no damage. x2
The daeva calls down the wrath of Zin upon you.
Zin smites you!
* * * LOW HITPOINT WARNING * * *
The daeva hits you with a +3 long sword of holy wrath.
* * * LOW HITPOINT WARNING * * *
The daeva hits you but does no damage.
The daeva calls down the wrath of Zin upon you.
Zin smites you!
* * * LOW HITPOINT WARNING * * *
There is an open door here.
You take 23 damage, and have 11/186 hp.
You feel much better.
You feel less invigorated.
You feel less confused.
The daeva calls down the wrath of Zin upon you.
Zin smites you!
* * * LOW HITPOINT WARNING * * *
You block the daeva's attack. The daeva hits you but does no damage.
You regained 23 hp, and now have 34/186 hp.
Unknown command.
Unknown command.
The daeva blocks your attack.
The daeva is almost dead.
You carve the daeva like a ham!!!
The daeva hits you with a +5 scimitar of holy wrath.
* * * LOW HITPOINT WARNING * * *
You block the daeva's attack.
You take 1 damage, and have 33/186 hp.
Unknown command.
Unknown command.
You open the daeva like a pillowcase!!!
You kill the daeva!
You slash the daeva! You slice the daeva!!
The daeva is severely wounded.
The daeva calls down the wrath of Zin upon you.
Zin smites you!
* * * LOW HITPOINT WARNING * * *
You take 14 damage, and have 20/186 hp.
Unknown command.
Unknown command.
The daeva blocks your attack.
The daeva is severely wounded.
You block the daeva's attack. The daeva misses you.
You slash the daeva!
The daeva is almost dead.
You slash the daeva!
The daeva is almost dead.
You block the daeva's attack. x2
The daeva blocks your attack.
The daeva is almost dead.
The daeva calls down the wrath of Zin upon you.
Zin smites you!
* * * LOW HITPOINT WARNING * * *
You take 11 damage, and have 10/186 hp.
Unknown command.
You feel better.
The daeva calls down the wrath of Zin upon you.
Zin smites you!
* * * LOW HITPOINT WARNING * * *
Unknown command.
You feel better.
The daeva hits you with a +5 scimitar of holy wrath!
* * * LOW HITPOINT WARNING * * *
The daeva hits you but does no damage.
The daeva calls down the wrath of Zin upon you.
Zin smites you!
You die...

,,,,,,,,**,,,,,,,........#,,#####
,,,,,,,,,,,,,,,,,........#{,#####
,**,,*,*************#....####....
,**,,,***,,,,*,,,,,,#.#..........
,,*,,***..*,,,,,**,,#.##.........
,,,,,**,.%..,*,,,,,,#........#...
,,,,,**,.....##############......
,,,,,**,........#[#.#.#[#.#÷#...#
,,,,,*,,_...###A@))..[....'......
*,,,,**,.......)#)#.#.#.#.#.#....
*,,,,**,,....##############......
**,,,**,,...,*,,,,,,*,,,,,...#...
**,,***,.*,,,,,**,,*,**,........
*,,,***,,,,*,,,,,,*,*,,....####
*,,*,**************,,,,#####
**,,,,,,,,,,,,,,,,,,****
***,,,,,,,,,,,,,,***


You could see a daeva.

Vanquished Creatures
  Mennas (Vaults:4)
  2 ancient liches (Vaults:5)
  4 caustic shrikes (Depths:5)
  4 golden dragons
  A bone dragon (Depths:5)
  A Brimstone Fiend (Pan)
  Arachne (Spider:3)
  3 tentacled monstrosities
  Asterion (Spider:3)
  5 liches
  4 deep elf blademasters
  17 titans
  A quicksilver dragon (Vaults:5)
  5 deep elf master archers
  Polyphemus (Shoals:4)
  An Executioner (Abyss:2)
  The ghost of iishen the Markscentaur, an adept CeHu of Okawaru (Spider:4)
  Kirke (Shoals:3)
  6 sphinxes
  4 storm dragons
  8 shadow dragons
  20 fire giants
  A draconian monk (Depths:5)
  7 daevas
  Roxanne (Spider:3)
  5 tengu reavers
  A ghost moth (shapeshifter) (D:14)
  A blood saint (Pan)
  Donald (Orc:2)
  A deep elf sorcerer (Vaults:5)
  2 iron dragons
  18 vault wardens
  3 balrugs
  4 ghost moths
  An orc warlord (Vaults:4)
  22 frost giants
  6 angels
  A cacodemon (Pan)
  2 deep elf elementalists
  5 emperor scorpions
  16 very ugly things
  A draconian shifter (Depths:5)
  13 ironheart preservers
  2 ophanim (Pan)
  2 war gargoyles
  3 spriggan defenders (Depths:4)
  9 entropy weavers
  33 stone giants
  8 vampire knights
  A green draconian (Depths:1)
  A deep elf demonologist (Depths:1)
  The ghost of Tacit the Basher, a journeyman GrMo of Gozag (Spider:4)
  A starcursed mass (Abyss:2)
  4 black draconians
  4 apis (Pan)
  3 deep elf annihilators
  3 spark wasps
  2 yellow draconians
  15 ettins
  2 purple draconians
  A deep elf death mage (Vaults:5)
  An eidolon (Vaults:2)
  A blizzard demon (Pan)
  4 merfolk javelineers
  5 merfolk impalers (Shoals:4)
  21 yaktaur captains
  14 fire dragons
  Erolcha (Orc:2)
  3 deep elf high priests
  32 vault guards
  6 great orbs of eyes
  Harold (D:9)
  8 rakshasas
  14 ice dragons
  7 spriggan air magi
  4 catoblepae
  3 death knights
  10 centaur warriors
  5 hydras
  3 merfolk avatars
  2 alligator snapping turtles
  A queen ant (D:12)
  Erica (D:8)
  5 deep troll shamans
  7 death yaks
  7 deep troll earth magi
  49 two-headed ogres
  15 ogre magi
  A tengu warrior (Depths:1)
  6 merfolk aquamancers
  An orc high priest (Orc:1)
  5 spriggan berserkers
  2 vampire magi (Depths:5)
  A thrashing horror (Abyss:2)
  Nergalle (Orc:2)
  A soul eater (Vaults:2)
  11 deep elf knights
  5 sixfirhies
  3 shadow wraiths
  3 wretched stars
  2 hell knights
  3 iron trolls (Depths:1)
  4 sun demons
  7 sea snakes
  27 deep trolls
  5 skeletal warriors
  3 unseen horrors
  4 wizards
  2 flayed ghosts
  10 deep elf archers
  13 ironbrand convokers
  4 phantasmal warriors
  13 harpies
  28 orc knights
  Pikel (D:4)
  16 orb spiders
  A harpy (shapeshifter) (Depths:4)
  22 deep elf magi
  3 necromancers
  49 ugly things
  31 wolf spiders
  11 orc sorcerers
  2 stone giant zombies (Vaults:4)
  A cyclops (shapeshifter) (D:15)
  A faun (Shoals:1)
  12 cyclopes
  18 manticores
  A frost giant zombie (Vaults:4)
  A frost giant skeleton (Vaults:5)
  2 moths of wrath
  A guardian serpent (Lair:6)
  A guardian serpent (shapeshifter) (Vaults:2)
  13 black mambas
  The ghost of kalagan the Digger, a novice DEEE (D:6)
  A moth of wrath (shapeshifter) (Vaults:5)
  4 water nymphs
  7 merfolk sirens
  An elf zombie (Vaults:5)
  A gargoyle (D:15)
  2 orange demons
  15 vault sentinels
  A smoke demon (Pan)
  A torpor snail (shapeshifter) (D:15)
  A dire elephant zombie (Abyss:2)
  16 spiny frogs
  2 torpor snails
  A human zombie (Vaults:5)
  An eye of devastation (shapeshifter) (Depths:5)
  A hellion (Pan)
  A rime drake (shapeshifter) (Depths:4)
  71 yaktaurs
  3 freezing wraiths
  2 rime drakes
  A tormentor (Pan)
  An efreet (D:15)
  6 komodo dragons
  An entropy weaver simulacrum (Vaults:1)
  2 ancient zymes (Abyss:2)
  20 demonic crawlers
  3 hellwings (Pan)
  4 meliai
  A red devil (Pan)
  3 tengu conjurers
  13 trolls
  6 polar bears
  2 queen bees (shapeshifter)
  32 jumping spiders
  2 trolls (shapeshifter)
  4 wind drakes
  17 hornets
  A hornet (shapeshifter) (D:15)
  A queen bee (Lair:3)
  5 blink frogs
  20 merfolk
  A raiju (Abyss:2)
  23 slime creatures
  A meliai zombie (D:15)
  10 dream sheep
  A wind drake (shapeshifter) (Vaults:4)
  9 hippogriffs
  2 hippogriffs (shapeshifter)
  19 snapping turtles
  A stone giant simulacrum (Vaults:4)
  A shadow (D:15)
  21 tarantellas
  A centaur simulacrum (D:15)
  A tarantella (shapeshifter) (D:15)
  4 spriggans
  Sigmund (D:2)
  A vampire (Abyss:2)
  2 wraiths
  57 yaks
  95 redbacks
  11 water elementals
  3 hogs (Shoals:3)
  14 wyverns
  6 basilisks
  5 hungry ghosts
  3 chaos spawn
  A vampire mosquito (D:15)
  A yaktaur simulacrum (Vaults:4)
  4 wargs
  5 acid dragons
  7 large abominations (Abyss:2)
  20 soldier ants (D:12)
  10 porcupines
  30 water moccasins
  Duvessa (D:4)
  A floating eye (Depths:5)
  A swamp drake (D:4)
  10 sky beasts
  A slave (D:4)
  31 orc warriors
  A hornet zombie (D:11)
  7 ice beasts
  A necrophage (D:14)
  2 phantoms
  32 ogres
  An eye of draining (D:14)
  9 wolves
  12 centaurs
  13 boggarts
  12 crocodiles
  3 big kobolds
  Blork the orc (D:4)
  A gnoll sergeant (D:6)
  2 wyvern zombies
  18 bullfrogs
  2 small abominations (Abyss:2)
  An earth elemental (Abyss:2)
  2 wyvern skeletons (D:14)
  5 scorpions
  Dowan (D:5)
  35 killer bees
  A wight (D:15)
  3 electric eels
  5 centaur zombies
  3 howler monkeys
  A bullfrog zombie (D:8)
  8 crimson imps
  6 jellies
  23 orc priests
  7 hounds
  Crazy Yiuf (D:6)
  2 iron imps
  8 centaur skeletons
  4 iguanas
  34 orc wizards
  24 worker ants
  2 hound zombies
  2 hound skeletons
  2 worker ant zombies
  12 adders
  26 gnolls
  3 shadow imps
  3 oozes
  2 adder zombies
  4 worms
  A dart slug (D:3)
  4 leopard geckos
  101 orcs
  2 giant cockroaches
  11 goblins
  18 hobgoblins
  11 jackals
  2 quokkas
  2 ball pythons
  4 bats
  9 frilled lizards
  24 kobolds
  2 leopard gecko skeletons
  A quokka skeleton (D:6)
  7 rats
  2 butterflies (D:14)
  5 fungi
  11 plants
  A withered plant (Shoals:2)
2140 creatures vanquished.

Vanquished Creatures (collateral kills)
  3 killer bees (Lair:3)
  A crimson imp (D:5)
  An orc priest (D:5)
  A worker ant (D:5)
  An adder (D:5)
7 creatures vanquished.

Vanquished Creatures (others)
  A cyclops (Shoals:4)
  A water elemental (Depths:2)
  A killer bee (Lair:3)
  An orc wizard (Orc:2)
  A quokka (D:3)
  9 fungi
  6 plants
20 creatures vanquished.

Grand Total: 2167 creatures vanquished

Notes
Turn   | Place    | Note
-------+----------+-------------------------------------------
     0 | D:1      | Monsterracer the Gargoyle Chaos Knight began the quest for
                  | the Orb.
     0 | D:1      | Reached XP level 1. HP: 14/14 MP: 1/1
    78 | D:1      | HP: 5/14 [hobgoblin (4)]
   183 | D:1      | XOM: harmless Air miscast
   396 | D:1      | Reached skill level 1 in Dodging
   396 | D:1      | Reached XP level 2. HP: 19/19 MP: 2/2
   410 | D:1      | XOM: potion effect (brilliance)
   892 | D:2      | XOM: divination: detect creatures
  1085 | D:2      | Reached XP level 3. HP: 23/23 MP: 3/3
  1170 | D:2      | XOM: cloud trail
  1190 | D:2      | XOM: 8-stop teleportation journey
  1313 | D:2      | Noticed Sigmund
  1316 | D:2      | HP: 11/23 [Sigmund/magic dart (12)]
  1322 | D:2      | Killed Sigmund
  1322 | D:2      | Reached skill level 4 in Fighting
  1322 | D:2      | Reached XP level 4. HP: 11/29 MP: 4/4
  1322 | D:2      | Reached XP level 5. HP: 12/33 MP: 5/5
  1403 | D:2      | XOM: 4-stop teleportation journey
  1573 | D:2      | XOM: god gift: ration
  1725 | D:2      | XOM: god gift: 54 gold pieces
  1730 | D:3      | Noticed Grinder
  1736 | D:3      | XOM: divine lightning
  1740 | D:3      | Noticed Grinder
  1740 | D:3      | Grinder changed into Grinder the rust devil
  1740 | D:3      | XOM: polymorph Grinder -> Grinder the rust devil
  1743 | D:3      | XOM: blink monster(s)
  1763 | D:3      | Noticed a sky beast
  1766 | D:3      | XOM: 2-stop teleportation journey
  1767 | D:3      | HP: 12/33 [orc wizard/magic dart (10)]
  1775 | D:3      | XOM: enchant monster (good)
  1775 | D:3      | HP: 17/49 [adder (2)]
  1783 | D:3      | XOM: confusion
  1783 | D:3      | HP: 11/49 [orc wizard/puff of flame (11)]
  1797 | D:3      | Reached XP level 6. HP: 39/39 MP: 6/6
  1807 | D:3      | XOM: medium Hex miscast
  1810 | D:3      | XOM: polymorph something unseen -> jelly
  1815 | D:3      | Killed a sky beast
  1926 | D:3      | XOM: give mutation
  1926 | D:3      | Gained mutation: You have a pair of small antennae on your
                  | head. [Xom's mischief]
  2183 | D:3      | XOM: summons 3 hostile demons
  2192 | D:3      | HP: 18/39 [iron imp[Xom] (4)]
  2362 | D:3      | XOM: draining
  2443 | D:3      | Reached XP level 7. HP: 44/44 MP: 7/7
  2560 | D:4      | XOM: give mutations
  2560 | D:4      | Gained mutation: Your spells are a little harder to cast,
                  | but a little more powerful. [Xom's grace]
  2560 | D:4      | Gained mutation: You have an increased reservoir of magic.
                  | (+10% MP) [Xom's grace]
  2560 | D:4      | Gained mutation: You possess an exceptional clarity of
                  | mind. [Xom's grace]
  2560 | D:4      | Gained mutation: Your mind is acute. (Int +2) [Xom's grace]
  2776 | D:4      | XOM: give mutations
  2776 | D:4      | Gained mutation: You have sharp toenails. [Xom's grace]
  2776 | D:4      | Gained mutation: Your muscles are strong. (Str +2) [Xom's
                  | grace]
  2776 | D:4      | Gained mutation: You are agile. (Dex +2) [Xom's grace]
  2812 | D:4      | XOM: scenery: create altars
  2854 | D:4      | Reached skill level 5 in Axes
  2964 | D:4      | XOM: scenery: create altars
  2986 | D:4      | HP: 21/44 [worker ant (3)]
  2988 | D:4      | Reached skill level 5 in Fighting
  3188 | D:4      | Noticed Blork the orc
  3189 | D:4      | XOM: destruction
  3195 | D:4      | Killed Blork the orc
  3368 | D:4      | HP: 21/44 [slave[Pikel] (5)]
  3371 | D:4      | XOM: enchant monster (good)
  3393 | D:4      | XOM: fog
  3393 | D:4      | HP: 16/44 [slave[Pikel] (2)]
  3394 | D:4      | XOM: polymorph slave -> swamp drake
  3400 | D:4      | HP: 11/44 [swamp drake[Pikel] (3)]
  3640 | D:4      | Noticed Pikel
  3657 | D:4      | Killed Pikel
  3657 | D:4      | Reached skill level 5 in Armour
  3657 | D:4      | Reached XP level 8. HP: 48/51 MP: 8/8
  3703 | D:4      | XOM: scenery: 1 doors close
  3704 | D:4      | Found a shadowy altar of Dithmenos.
  4011 | D:5      | Entered Level 5 of the Dungeon
  4032 | D:5      | HP: 19/51 [orc priest/divine providence (16)]
  4032 | D:5      | XOM: butterfly on damage
  4047 | D:4      | Identified Xom's Handbook of Invincibility (Xom gifted it
                  | to you on level 4 of the Dungeon)
  4047 | D:4      | XOM: god gift: Xom's Handbook of Invincibility
  4117 | D:4      | XOM: scenery: 1 doors close
  4185 | D:4      | XOM: give mutations
  4185 | D:4      | Gained mutation: You have a somewhat thin skeletal
                  | structure. (Dex +2, Stealth) [Xom's grace]
  4185 | D:4      | Gained mutation: Your mind is very acute. (Int +4) [Xom's
                  | grace]
  4185 | D:4      | Gained mutation: You evolve. [Xom's grace]
  4185 | D:4      | Gained mutation: Your flesh is heat resistant. (rF+) [Xom's
                  | grace]
  4225 | D:5      | XOM: cast spell 'Summon Horrible Things'
  4226 | D:5      | Reached skill level 6 in Fighting
  4262 | D:5      | Found a staircase to the Ecumenical Temple.
  4267 | Temple   | Entered the Ecumenical Temple
  4270 | Temple   | XOM: god gift: shiny centaur barding {god gift}
  4277 | Temple   | XOM: 3-stop teleportation journey
  4294 | Temple   | Fell from the grace of Xom
  4294 | Temple   | Became a worshipper of Warmaster Okawaru
  4423 | D:5      | Noticed Dowan
  4428 | D:5      | Noticed Duvessa
  4429 | D:5      | Killed Dowan
  4457 | D:5      | Reached skill level 1 in Invocations
  4464 | D:5      | HP: 25/51 [adder (4)]
  4476 | D:5      | HP: 24/51 [Duvessa/+2 short sword of venom (3)]
  4487 | D:4      | HP: 16/51 [Duvessa/+2 short sword of venom (4)]
  4491 | D:4      | Killed Duvessa
  4491 | D:4      | Reached XP level 9. HP: 19/56 MP: 11/11
  5017 | D:5      | XOM: give mutations
  5017 | D:5      | Lost mutation: Your muscles are strong. (Str +2) [Xom's
                  | mischief]
  5017 | D:5      | Gained mutation: Armour fits poorly on your strangely
                  | shaped body. [Xom's mischief]
  5017 | D:5      | Lost mutation: You have sharp toenails. [Xom's mischief]
  5017 | D:5      | Lost mutation: Your mind is very acute. (Int +4) [Xom's
                  | mischief]
  5249 | D:6      | XOM: medium Erth miscast
  5352 | D:6      | Reached * piety under Okawaru
  5458 | D:6      | HP: 28/56 [phantom (3)]
  5553 | D:6      | XOM: medium Erth miscast
  5748 | D:6      | HP: 20/56 [yak (9)]
  5967 | D:6      | Reached skill level 7 in Fighting
  5978 | D:6      | HP: 28/57 [orc warrior/+0 halberd (14)]
  5979 | D:6      | HP: 9/57 [orc warrior/+0 halberd (20)]
  6087 | D:5      | XOM: give mutations
  6087 | D:5      | Gained mutation: You have sharp fingernails. [Xom's grace]
  6087 | D:5      | Gained mutation: You have a pair of antennae on your head.
                  | [Xom's grace]
  6087 | D:5      | Gained mutation: You expend magic power (3 MP) to
                  | strengthen your wands. [Xom's grace]
  6439 | D:6      | Found a runed translucent door.
  6440 | D:6      | Noticed kalagan's ghost (novice DEEE)
  6457 | D:6      | Reached ** piety under Okawaru
  6470 | D:6      | HP: 27/57 [kalagan's ghost (5)]
  6475 | D:6      | Killed kalagan's ghost
  6475 | D:6      | Reached skill level 5 in Dodging
  6475 | D:6      | Reached XP level 10. HP: 19/63 MP: 12/14
  6481 | D:6      | HP: 13/63 [worm (8)]
  6488 | D:6      | Found a runed translucent door.
  6720 | D:6      | XOM: give mutations
  6720 | D:6      | Lost mutation: You evolve. [Xom's mischief]
  6720 | D:6      | Lost mutation: You possess an exceptional clarity of mind.
                  | [Xom's mischief]
  6720 | D:6      | Lost mutation: You have a pair of antennae on your head.
                  | [Xom's mischief]
  6872 | D:6      | Found a runed translucent door.
  6873 | D:6      | Found the +7 sceptre of Torment {pain, torment}
  6873 | D:6      | Noticed Crazy Yiuf
  6927 | D:6      | Killed Crazy Yiuf
  7123 | D:7      | XOM: 2-stop teleportation journey
  7137 | D:7      | Reached skill level 1 in Maces & Flails
  7875 | D:8      | Noticed Erica
  7878 | D:8      | Reached *** piety under Okawaru
  7878 | D:8      | Reached skill level 1 in Shields
  7896 | D:8      | Killed Erica
  8137 | D:8      | XOM: mild Fire miscast
  8227 | D:8      | Got a shimmering chain mail
  8281 | D:8      | Identified the +1 chain mail of Neibumua {Regen+ Str+4
                  | Int+8 Stlth-} (You found it on level 8 of the Dungeon)
  8305 | D:8      | XOM: medium Summ miscast
  8315 | D:8      | HP: 29/64 [small abomination[the capriciousness of Xom]
                  | (10)]
  8632 | D:8      | XOM: noise
  8897 | D:8      | XOM: cloud trail
  8938 | D:9      | Reached skill level 8 in Fighting
  8953 | D:9      | Found a staircase to the Orcish Mines.
  9062 | D:9      | Found Esueg's Magic Scroll Emporium.
  9066 | D:9      | Bought a scroll of fear for 49 gold pieces
  9066 | D:9      | Bought a scroll of blinking for 105 gold pieces
  9066 | D:9      | Bought a scroll of teleportation for 42 gold pieces
  9066 | D:9      | Bought a scroll of magic mapping for 49 gold pieces
  9066 | D:9      | Bought a scroll of silence for 105 gold pieces
  9083 | D:9      | XOM: silly message
  9158 | D:9      | Noticed a red ugly thing
  9165 | D:9      | Killed a red ugly thing
  9165 | D:9      | Reached **** piety under Okawaru
  9165 | D:9      | Reached skill level 5 in Maces & Flails
  9165 | D:9      | Reached skill level 5 in Invocations
  9165 | D:9      | Reached XP level 11. HP: 60/68 MP: 13/16
  9316 | D:9      | XOM: noise
  9357 | D:9      | Noticed Harold
  9375 | D:9      | Killed Harold
  9607 | D:9      | XOM: noise
  9900 | D:10     | Entered Level 10 of the Dungeon
  9900 | D:10     | Noticed a deep elf mage
  9912 | D:10     | Killed a deep elf mage
  9935 | D:10     | HP: 28/69 [merfolk/+0 trident (13)]
 10063 | D:10     | Reached ***** piety under Okawaru
 10077 | D:10     | XOM: 1-stop teleportation journey
 10126 | D:10     | Found a staircase to the Lair.
 10316 | D:10     | Paralysed by a gnoll for 2 turns
 10320 | D:10     | XOM: noise
 10346 | D:10     | Received a gift from Okawaru
 10355 | D:10     | Reached skill level 9 in Fighting
 10379 | D:10     | XOM: blink monster(s)
 10809 | Lair:1   | Entered Level 1 of the Lair of Beasts
 10950 | Lair:1   | XOM: medium Ice miscast
 11105 | Lair:1   | Reached XP level 12. HP: 76/76 MP: 18/18
 11730 | Lair:1   | XOM: silly message
 11786 | Lair:1   | Noticed a six-headed hydra
 11796 | Lair:1   | Killed a six-headed hydra
 12073 | Lair:2   | Reached skill level 10 in Fighting
 12116 | Lair:2   | Found a staircase to the Shoals.
 12323 | Lair:2   | Noticed Sonja
 12325 | Lair:2   | Noticed Sonja
 12325 | Lair:2   | Sonja changed into Sonja the black mamba
 12328 | Lair:2   | Killed Sonja the black mamba
 12415 | Lair:2   | Found a hole to the Spider Nest.
 12614 | Lair:2   | XOM: mild Ice miscast
 12691 | Lair:2   | Reached skill level 10 in Armour
 12928 | Lair:2   | XOM: medium Pois miscast
 13178 | Lair:3   | Found a glowing silver altar of Zin.
 13354 | Lair:3   | Received a gift from Okawaru
 13369 | Lair:3   | XOM: confusion (+ monsters)
 13403 | Lair:3   | Reached skill level 10 in Maces & Flails
 13434 | Lair:3   | XOM: medium Air miscast
 13647 | Lair:3   | XOM: 1-stop teleportation journey
 14022 | Lair:4   | Reached XP level 13. HP: 63/83 MP: 21/21
 14275 | Lair:4   | Received a gift from Okawaru
 14307 | Lair:4   | Reached skill level 11 in Fighting
 14315 | Lair:4   | Got a pair of scorched boots {god gift}
 14326 | Lair:4   | Identified the +2 pair of boots of Okawaru's Vengeance
                  | {rPois Slay+6 Stlth-} (Okawaru gifted it to you on level 4
                  | of the Lair of Beasts)
 14492 | Lair:4   | XOM: swap monsters
 14492 | Lair:4   | Was forgiven by Xom
 15046 | Lair:5   | Identified the Collected Works on Fire
 15604 | Lair:6   | Entered Level 6 of the Lair of Beasts
 15658 | Lair:6   | Found a staircase to the Slime Pits.
 15661 | Lair:6   | Received a gift from Okawaru
 15662 | Lair:6   | Reached skill level 10 in Axes
 15931 | Lair:6   | Reached skill level 10 in Invocations
 15989 | Lair:6   | Gained mutation: Your large and strong wings let you fly
                  | indefinitely. [Gargoyle growth]
 15989 | Lair:6   | Reached XP level 14. HP: 91/91 MP: 23/23
 16004 | Lair:6   | Received a gift from Okawaru
 16028 | Lair:6   | Got a jewelled plate armour {god gift}
 16049 | Lair:6   | Got a clouded copper ring
 16155 | Lair:6   | Identified the +12 plate armour of Puru {-Cast Int+5}
                  | (Okawaru gifted it to you on level 6 of the Lair of Beasts)
 16156 | Lair:6   | Identified the ring "Hotwa" {rF+ rC+ Int-2 Dex+2 Slay+2}
                  | (You found it on level 6 of the Lair of Beasts)
 16171 | Lair:6   | Reached skill level 12 in Fighting
 16871 | Orc:1    | Entered Level 1 of the Orcish Mines
 16953 | Orc:1    | Found a roughly hewn altar of Beogh.
 16968 | Orc:1    | HP: 44/92 [orc priest/divine providence (13)]
 17455 | Orc:2    | Entered Level 2 of the Orcish Mines
 17530 | Orc:2    | Found a burning altar of Makhleb.
 17545 | Orc:2    | Noticed Donald
 17553 | Orc:2    | Noticed a stone giant
 17559 | Orc:2    | Killed Donald
 17567 | Orc:2    | Killed a stone giant
 18218 | Orc:2    | Found a staircase to the Elven Halls.
 18329 | Orc:2    | Found Woucoop's Antique Weapon Shop.
 18361 | Orc:2    | Bought a brightly glowing battleaxe for 345 gold pieces
 18361 | Orc:2    | Identified the +1 battleaxe of Forced Transition {flame,
                  | *Noise rPois Int+4} (You bought it in a shop on level 2 of
                  | the Orcish Mines)
 18377 | Orc:2    | Found an ancient bone altar of Kikubaaqudgha.
 18377 | Orc:2    | Noticed Nergalle
 18387 | Orc:2    | Killed Nergalle
 18387 | Orc:2    | Reached ****** piety under Okawaru
 18446 | Orc:2    | Noticed Erolcha
 18459 | Orc:2    | Killed Erolcha
 18461 | Orc:2    | Paralysed by an orc sorcerer for 5 turns
 18469 | Orc:2    | Found a roughly hewn altar of Beogh.
 18469 | Orc:2    | Found Owyiw's Gadget Boutique.
 18470 | Orc:2    | Found Nocwitoy's Antique Armour Shop.
 18551 | Orc:2    | Found Pibis's Magic Scroll Boutique.
 18580 | Orc:2    | Bought a scroll of teleportation for 54 gold pieces
 18580 | Orc:2    | Bought a scroll of teleportation for 54 gold pieces
 18580 | Orc:2    | Bought a scroll of teleportation for 54 gold pieces
 18595 | Orc:2    | Found a radiant altar of Vehumet.
 18827 | Spider:1 | Entered Level 1 of the Spider Nest
 19137 | Spider:1 | Received a gift from Okawaru
 19432 | Spider:1 | Reached XP level 15. HP: 86/97 MP: 24/24
 19763 | Spider:1 | Reached skill level 5 in Shields
 19815 | Spider:1 | Reached skill level 13 in Fighting
 20480 | Spider:2 | Noticed an emperor scorpion
 20499 | Spider:2 | Killed an emperor scorpion
 20558 | Spider:2 | HP: 39/99 [disintegration (25)]
 20566 | Spider:2 | HP: 17/99 [disintegration (24)]
 20788 | Spider:2 | Reached XP level 16. HP: 104/104 MP: 25/25
 21171 | Spider:2 | Received a gift from Okawaru
 21183 | Spider:2 | Got a smoking hat {god gift}
 21189 | Spider:2 | Identified the +2 hat of Kindness {Dex+6} (Okawaru gifted
                  | it to you on level 2 of the Spider Nest)
 21720 | Spider:3 | Identified Roxanne's Disquisition on Changing
 21720 | Spider:3 | Noticed Roxanne
 22344 | Spider:3 | Noticed Asterion
 22355 | Spider:3 | Killed Asterion
 22408 | Spider:3 | Noticed Arachne
 22433 | Spider:3 | Killed Arachne
 23012 | Spider:3 | Killed Roxanne
 23031 | Spider:4 | Entered Level 4 of the Spider Nest
 23037 | Spider:4 | Reached XP level 17. HP: 110/110 MP: 26/26
 23234 | Spider:4 | Reached skill level 14 in Fighting
 23241 | Spider:4 | Received a gift from Okawaru
 23658 | Spider:4 | Found a runed translucent gate.
 23659 | Spider:4 | Found a runed translucent gate.
 23659 | Spider:4 | Found a runed translucent gate.
 23674 | Spider:4 | Noticed iishen's ghost (adept CeHu)
 23674 | Spider:4 | Noticed Tacit's ghost (journeyman GrMo)
 23693 | Spider:4 | Reached skill level 15 in Axes
 23874 | Spider:4 | Reached skill level 10 in Shields
 24202 | Spider:4 | Received a gift from Okawaru
 24354 | Spider:4 | Got a gossamer rune of Zot
 24465 | Spider:4 | Killed iishen's ghost
 24472 | Spider:4 | Killed Tacit's ghost
 24674 | Shoals:1 | Entered Level 1 of the Shoals
 24682 | Shoals:1 | You are sucked into a shaft!
 24707 | Shoals:2 | Received a gift from Okawaru
 25913 | Shoals:3 | Reached XP level 18. HP: 104/117 MP: 28/28
 26456 | Shoals:3 | Noticed Kirke
 26468 | Shoals:3 | Killed Kirke
 26468 | Shoals:3 | Received a gift from Okawaru
 26639 | Shoals:4 | Entered Level 4 of the Shoals
 27014 | Shoals:4 | Received a gift from Okawaru
 27015 | Shoals:4 | Found the +8 mithril axe "Arga" {speed, MR+}
 27020 | Shoals:4 | Got a faintly humming robe
 27214 | Shoals:4 | Noticed Polyphemus
 27230 | Shoals:4 | Killed Polyphemus
 27428 | Shoals:4 | Reached skill level 15 in Fighting
 27471 | Shoals:4 | Received a gift from Okawaru
 27746 | Shoals:4 | Got a barnacled rune of Zot
 27941 | Shoals:4 | Received a gift from Okawaru
 27976 | Shoals:4 | Got a pitted shield {god gift}
 28035 | Shoals:4 | Identified the +7 shield "Kefran" {Slay+3} (Okawaru gifted
                  | it to you on level 4 of the Shoals)
 28512 | Shoals:1 | Reached skill level 15 in Armour
 30444 | D:12     | Reached XP level 19. HP: 124/124 MP: 29/29
 30701 | D:13     | Received a gift from Okawaru
 31200 | D:13     | Found Quag's Distillery.
 31207 | D:13     | Bought a potion of haste for 160 gold pieces
 31207 | D:13     | Bought a potion of resistance for 160 gold pieces
 31207 | D:13     | Bought a potion of might for 64 gold pieces
 31207 | D:13     | Bought a potion of might for 64 gold pieces
 31255 | D:13     | Got a jewelled plate armour
 31411 | D:14     | Identified the cursed +1 plate armour "Vaklu" {MR+ Regen+}
                  | (You found it on level 13 of the Dungeon)
 31551 | D:14     | Found a flagged portal.
 31560 | Bailey   | Entered a bailey
 31870 | D:14     | Found Elah Aqa's Antique Armour Boutique.
 31877 | D:14     | Bought an ancient chain mail for 361 gold pieces
 31877 | D:14     | Identified the +8 chain mail of Huarghih {Dex+4} (You
                  | bought it in a shop on level 14 of the Dungeon)
 31878 | D:14     | Identified a scroll of acquirement
 32268 | D:14     | Found a transporter.
 32274 | D:14     | Found a transporter.
 32375 | D:14     | Found a gate to the Vaults.
 32384 | Vaults:1 | Entered Level 1 of the Vaults
 32510 | Vaults:1 | Received a gift from Okawaru
 33017 | Vaults:1 | Received a gift from Okawaru
 33221 | Vaults:1 | Reached skill level 16 in Fighting
 33303 | Vaults:1 | Received a gift from Okawaru
 33805 | Vaults:2 | Received a gift from Okawaru
 33869 | Vaults:2 | HP: 50/125 [deep elf annihilator/iron shot (75)]
 33908 | Vaults:2 | Found a staircase to the Crypt.
 33919 | Vaults:2 | HP: 44/126 [stone giant (17)]
 33931 | Vaults:2 | Reached XP level 20. HP: 36/132 MP: 28/30
 33937 | Vaults:2 | HP: 39/132 [centaur warrior/arrow (7)]
 34441 | Vaults:2 | Reached skill level 17 in Fighting
 34685 | Vaults:2 | Received a gift from Okawaru
 34924 | Vaults:3 | Found a stormy altar of Qazlal.
 34950 | Vaults:3 | Got an ominously black robe
 35057 | Vaults:3 | Received a gift from Okawaru
 35236 | Vaults:3 | Paralysed by a great orb of eyes for 4 turns
 35279 | Vaults:3 | Reached skill level 15 in Shields
 35482 | Vaults:3 | Received a gift from Okawaru
 35492 | Vaults:3 | Reached skill level 18 in Fighting
 35537 | Vaults:3 | Reached XP level 21. HP: 120/141 MP: 31/31
 36333 | Vaults:4 | Noticed Mennas
 36358 | Vaults:4 | Killed Mennas
 36686 | Vaults:4 | Received a gift from Okawaru
 36718 | Vaults:4 | Got a glittering amber ring
 36806 | Vaults:4 | Reached skill level 19 in Fighting
 36885 | Vaults:4 | Cast into level 3 of the Abyss (a lich)
 36888 | Abyss:3  | Found a corrupted altar of Lugonu.
 36910 | Vaults:4 | Escaped the Abyss
 37250 | Vaults:4 | Got an ivory arbalest
 37529 | Vaults:4 | Received a gift from Okawaru
 37574 | Vaults:4 | Got a pair of ichor-stained boots {god gift}
 37575 | Vaults:4 | Identified the +1 pair of boots of Hide-and-Seek {Stlth+}
                  | (Okawaru gifted it to you on level 4 of the Vaults)
 37576 | Vaults:4 | Identified the ring "Geinliez" {Dex+3 Slay+3} (You found it
                  | on level 4 of the Vaults)
 37793 | Vaults:4 | Found a gateway to a bazaar.
 38018 | Vaults:5 | Entered Level 5 of the Vaults
 38030 | Vaults:5 | Reached XP level 22. HP: 151/151 MP: 24/32
 38049 | Vaults:5 | Reached skill level 20 in Fighting
 38049 | Vaults:5 | Reached skill level 10 in Dodging
 38178 | Vaults:5 | Noticed an ancient lich
 38191 | Vaults:5 | Killed an ancient lich
 38191 | Vaults:5 | Received a gift from Okawaru
 38305 | Vaults:5 | HP: 74/153 [titan (21)]
 38329 | Vaults:5 | Noticed a golden dragon
 38346 | Vaults:5 | Killed a golden dragon
 38352 | Vaults:5 | HP: 58/153 [quicksilver dragon/bolt of dispelling energy
                  | (25)]
 38353 | Vaults:5 | HP: 24/153 [titan/the air (22)]
 38360 | Vaults:5 | Noticed a golden dragon
 38377 | Vaults:5 | Killed a golden dragon
 38804 | Vaults:5 | Noticed an ancient lich
 38813 | Vaults:5 | Killed an ancient lich
 38813 | Vaults:5 | Reached skill level 21 in Fighting
 38944 | Vaults:5 | Received a gift from Okawaru
 39017 | Vaults:5 | Got a transparent ivory amulet
 39029 | Vaults:5 | Got a silver rune of Zot
 39079 | Vaults:5 | Reached XP level 23. HP: 160/160 MP: 33/33
 39143 | Vaults:5 | Identified the +3 troll leather armour of Veamuyd {*Corrode
                  | rPois rF+ Regen+ Dex+2}
 39405 | Vaults:5 | Got a vibrating ruby amulet
 39557 | Vaults:5 | Received a gift from Okawaru
 39586 | Vaults:5 | Got a pair of fine boots {god gift}
 39587 | Vaults:5 | Identified the +0 pair of boots of Fun and Games {Slay+2}
                  | (Okawaru gifted it to you on level 5 of the Vaults)
 39589 | Vaults:5 | Identified the amulet of the Fool {Spirit rF+ Str+3} (You
                  | found it on level 5 of the Vaults)
 39590 | Vaults:5 | Identified the amulet "Zalixyx" {+Rage Str+4 Slay+5} (You
                  | found it on level 5 of the Vaults)
 40852 | Temple   | Fell from the grace of Okawaru
 40852 | Temple   | Became a worshipper of the Shining One
 41637 | D:15     | Entered Level 15 of the Dungeon
 41841 | D:15     | Found a glowing golden altar of the Shining One.
 41841 | D:15     | Found a deep blue altar of Sif Muna.
 41842 | D:15     | Found a hazy altar of Hepliaklqana.
 41876 | D:15     | Reached * piety under the Shining One
 41934 | D:15     | Found a staircase to the Depths.
 42267 | D:15     | Reached skill level 22 in Fighting
 42272 | D:15     | Reached ** piety under the Shining One
 42399 | D:15     | Got a shimmering falchion
 42886 | D:15     | Identified the Grimoire of Nocuous Orientation
 43279 | Depths:1 | Entered Level 1 of the Depths
 43349 | Depths:1 | Reached *** piety under the Shining One
 43692 | Depths:1 | Found Hikonurph's Gadget Emporium.
 43870 | Depths:1 | Reached XP level 24. HP: 147/169 MP: 35/35
 44406 | Depths:1 | Cast into level 2 of the Abyss (a deep elf demonologist)
 44495 | Abyss:2  | Reached **** piety under the Shining One
 44733 | Abyss:2  | Reached ***** piety under the Shining One
 44787 | Abyss:2  | Found a corrupted altar of Lugonu.
 44792 | Depths:1 | Escaped the Abyss
 44814 | Depths:1 | Found a gateway to Hell.
 45059 | Depths:2 | HP: 70/169 [ogre mage/crystal spear (66)]
 45065 | Depths:2 | HP: 66/169 [fire dragon (6)]
 45184 | Depths:2 | Was forgiven by Okawaru
 45597 | Depths:2 | Found a transporter.
 45715 | Depths:2 | Found a gateway to a ziggurat.
 46118 | Depths:2 | Noticed a juggernaut
 46225 | Depths:3 | Found Figok's General Store.
 46245 | Depths:3 | Found a one-way gate leading to the halls of Pandemonium.
 46434 | Depths:3 | Bought a scroll of magic mapping for 66 gold pieces
 46498 | Depths:3 | Reached skill level 23 in Fighting
 46538 | Depths:3 | Got a jewelled hat
 46561 | Depths:3 | Identified the +2 hat of the Shining Light {rElec SInv}
                  | (You found it on level 3 of the Depths)
 46735 | Depths:3 | Found a one-way gate to the infinite horrors of the Abyss.
 47139 | Depths:4 | Found a shattered altar of Ashenzari.
 47728 | Depths:4 | Got an ebony hand axe
 47788 | Depths:4 | Got a bound marble ring
 47805 | Depths:4 | Identified the ring of Qitsofos {+Inv Str-2 Int+5 SInv
                  | Stlth+} (You found it on level 4 of the Depths)
 47836 | Depths:4 | Reached XP level 25. HP: 173/176 MP: 36/36
 47871 | Depths:4 | Identified the ring "Zeimu" {rC+ MR+}
 47935 | Depths:4 | Got a shimmering wooden ring
 47938 | Depths:4 | Got a vibrating ruby amulet
 47939 | Depths:4 | Identified the amulet of Hijottac {Acrobat Stlth+} (You
                  | found it on level 4 of the Depths)
 47940 | Depths:4 | Identified the ring "Wenn" {Fire Str-5 Int+4 Dex+7} (You
                  | found it on level 4 of the Depths)
 47959 | Depths:4 | Got a flickering platinum ring
 48058 | Depths:4 | Identified the ring "Ithadwa" {Fire rPois MP+9 Str+3 Int+4}
                  | (You found it on level 4 of the Depths)
 48279 | Depths:5 | Entered Level 5 of the Depths
 48279 | Depths:5 | Reached ****** piety under the Shining One
 48312 | Depths:5 | Reached skill level 15 in Invocations
 48633 | Depths:5 | Found the +12 Vampire's Tooth {vamp}
 48720 | Depths:5 | Reached skill level 24 in Fighting
 49229 | Depths:5 | Found a gate to the Realm of Zot.
 49410 | Pan      | Entered Pandemonium
 49467 | Pan      | Lost mutation: Your spells are a little harder to cast, but
                  | a little more powerful. [a cacodemon]
 49603 | Pan      | Reached XP level 26. HP: 184/184 MP: 38/38
 49932 | Pan      | HP: 92/186 [daeva/divine providence (15)]
 50162 | Pan      | Upgraded the game from 0.23-b1-67-g8bd44de to
                  | 0.23-b1-70-gd12f7cf
 50168 | Pan      | Found a glowing silver altar of Zin.
 50189 | Pan      | HP: 137/279 [daeva/divine providence (12)]
 50198 | Pan      | HP: 112/279 [apis (19)]
 50206 | Pan      | HP: 62/186 [daeva/divine providence (14)]
 50213 | Pan      | HP: 53/186 [daeva/divine providence (12)]
 50218 | Pan      | HP: 44/186 [daeva/divine providence (15)]
 50225 | Pan      | HP: 36/186 [daeva/divine providence (10)]
 50227 | Pan      | HP: 14/186 [daeva/divine providence (8)]
 50232 | Pan      | HP: 34/186 [daeva/divine providence (16)]
 50239 | Pan      | HP: 10/186 [daeva/divine providence (11)]
 50241 | Pan      | Killed from afar by a daeva

Skill      XL: |  1  2  3  4  5  6  7  8  9 10 11 12 13 14 15 16 17 18 19 20 21 22 23 24 25 |
---------------+----------------------------------------------------------------------------+-----
Dodging        | 1 2 3 4 5 6 8 9 11 12 13 | 13.5
Axes           | 3 4 6 8 10 12 13 14 15 16 17 | 17.2
Fighting       | 4 5 6 7 8 9 10 11 12 13 14 15 16 18 19 21 22 23 24 | 24.4
Armour         | 3 4 5 6 7 9 10 11 12 13 14 15 16 17 18 19 20 | 20.7
Invocations    | 1 3 5 6 8 10 11 14 16 | 16.4
Maces & Flails | 5 7 10 | 10.0
Shields        | 3 4 5 8 11 13 14 15 | 15.0

Action                   |  1- 3 |  4- 6 |  7- 9 | 10-12 | 13-15 | 16-18 | 19-21 | 22-24 | 25-27 || total
-------------------------+-------+-------+-------+-------+-------+-------+-------+-------+-------++-------
Melee: Hand axe          |    75 |    97 |    27 |       |       |       |       |       |       ||   199
       War axe           |       |       |   324 |    11 |       |       |       |       |       ||   335
       Kick              |       |       |    43 |       |       |       |       |       |       ||    43
       Eveningstar       |       |       |       |   582 |       |       |       |       |       ||   582
       Battleaxe         |       |       |       |    30 |   476 |       |       |       |       ||   506
       Broad axe         |       |       |       |       |   190 |  1189 |  1318 |  1370 |   427 ||  4494
Invok: Heroism           |       |       |     3 |    12 |     9 |    16 |     7 |     3 |       ||    50
       Finesse           |       |       |       |       |     2 |     5 |     5 |     1 |       ||    13
 Abil: Stop Flying       |       |       |       |       |       |       |       |     1 |       ||     1
       Fly               |       |       |       |       |       |       |       |     1 |       ||     1
Evoke: Wand              |       |       |       |     1 |       |       |       |     1 |       ||     2
  Use: Potion            |       |     3 |       |       |     2 |       |     1 |     2 |     8 ||    16
       Scroll            |       |     1 |     7 |    13 |    13 |     2 |     9 |    13 |     4 ||    62
 Stab: Confused          |     1 |     1 |       |     1 |       |       |       |       |       ||     3
       Paralysed         |       |     1 |       |       |       |       |       |       |       ||     1
       Petrified         |       |     1 |       |       |       |     9 |       |       |       ||    10
       Sleeping          |       |       |       |     1 |       |       |       |       |       ||     1
       Distracted        |       |       |       |       |     1 |       |     1 |       |       ||     2
       Petrifying        |       |       |       |       |       |     4 |       |       |       ||     4
  Eat: Chunk             |     1 |     3 |    14 |    24 |    17 |    17 |    25 |    25 |     5 ||   131
       Ration            |       |       |       |     1 |     2 |     4 |       |     2 |     1 ||    10
Armor: Leather armour    |    29 |    35 |   153 |    40 |       |       |       |       |       ||   257
       Skin              |       |    47 |       |       |       |       |       |       |       ||    47
       Chain mail        |       |       |       |   315 |   175 |       |       |       |       ||   490
       Plate armour      |       |       |       |       |   381 |   501 |   212 |    94 |       ||  1188
       Gold dragon scale |       |       |       |       |       |       |       |   231 |   138 ||   369
Dodge: Dodged            |    39 |    54 |   258 |   494 |   564 |   502 |   247 |   286 |    99 ||  2543
Block: Buckler           |       |       |       |   163 |       |       |       |       |       ||   163
       Shield            |       |       |       |       |   173 |   810 |   733 |   822 |   271 ||  2809
       Reflection        |       |       |       |       |       |    27 |       |       |       ||    27

Vault maps used:
D:1:      lightli_arrival_boilingwater
D:2:      uniq_sigmund
D:3:      hangedman_abyss_or_decor_lesser_grid, uniq_grinder
D:4:      grunt_dithmenos_shadows, uniq_pikel, uniq_blork_the_orc
D:5:      minmay_temple_entry_wispy, first_ration, kennysheep_decorative_pillar,
          uniq_duvessa
D:6:      minmay_cornered_nines, ebering_ghost_sewer_f, uniq_crazy_yiuf_cottage
D:8:      lightli_ossuary_entry_decrepit_ruins, uniq_erica
D:9:      erik_orc_4, serial_shops, shop, uniq_harold
D:10:     minmay_lair_entry_grove, serial_glass, glass_columns_a,
          glass_columns_a, hangedman_stone_soup
D:11:     minmay_spotlight, minmay_misc_feat_secret_circle,
          hangedman_abyss_or_decor_stagger
D:12:     zaba_antful_of_joy
D:13:     serial_shops, nicolae_shop_temple_entry_statues_fountains,
          minivault_20
D:14:     gammafunk_jiyva_shrine, david_vaults_4, serial_shops, shop,
          enter_bailey_3, grunt_decor_fettered, hangedman_glass_garden
D:15:     hangedman_slaughterboxes, serial_shops
Temple:   nicolae_temple_the_god_donut
Lair:1:   cheibrodos_lair_river_kwai, eino_small_chamber_without_monster,
          lemuel_fruit_fields, lemuel_fruit_fields, grunt_megastairs_2
Lair:2:   shoals_dummy_entry, nicolae_spider_entry_orb_guardian,
          minmay_stone_trees_medium, cheibrodos_lair_reptile_den,
          serial_bayou_shore_a, uniq_sonja
Lair:3:   basic_altar
Lair:4:   beast_lair_carwin_large_1, serial_bayou_pond_c,
          infiniplex_staircase_pool_2
Lair:5:   cheibrodos_lair_lostbears, lemuel_fruit_tree
Lair:6:   hangedman_lair_tendril_chambers, nicolae_slime_entry_slimehenge
Shoals:2: argonaut_gorgonesque
Shoals:3: nicolae_shoals_siren_and_animal_friends, uniq_kirke
Shoals:4: shoals_end_grunt_ice, uniq_polyphemus
Spider:1: nicolae_crawler_farm
Spider:3: uniq_arachne, uniq_asterion, uniq_roxanne
Spider:4: spider_rune_water, gammafunk_ghost_cemetery
Orc:1:    bh_open_orc_temple
Orc:2:    kennysheep_orc_mage_school, basic_altar, uniq_donald
Vaults:1: v_misc_17, kb_rosetta, hangedman_vaults_variations, v_pattern_3,
          v_alt_pattern_2, grunt_vaults_focal, hangedman_vaults_trim,
          vaults_standard_mumra_enter_the_diamond,
          vaults_standard_mumra_enter_the_diamond, v_misc_15
Vaults:2: minmay_crypt_entry_simple_sparse, ontoclasm_vaults_chip,
          ontoclasm_vaults_shuriken, st_eye, hangedman_vaults_restitches,
          vaults_mumra_hexcomb, ontoclasm_vaults_twist,
          nicolae_vaults_little_squares_1, v_misc_13,
          nicolae_vaults_three_branches, ontoclasm_vaults_ring_small,
          hangedman_vaults_stretched_pinwheel, nicolae_vaults_circle_grid_b,
          dpeg_vaults_monster_box, vaults_room_stairs_pillars,
          grunt_vaults_hallway_short, serial_shops, shop
Vaults:3: hangedman_vaults_restitches, hangedman_vaults_maws,
          nicolae_vaults_little_ls, v_misc_16,
          nicolae_vaults_network_quinsquares, v_pattern_5,
          hangedman_vaults_snaps, v_misc_25, grunt_vaults_swirl,
          st_smaller_cells, ontoclasm_vaults_idyll, ontoclasm_vaults_misaligned,
          nicolae_vaults_shelves_hall, ontoclasm_vaults_loading_screen,
          basic_altar
Vaults:4: nicolae_vaults_inception_scallops, nicolae_vaults_disjoint_gnomons,
          v_misc_5, ontoclasm_vaults_gateway, grunt_vaults_diagonal,
          special_room_vaults, nicolae_vaults_asterisk,
          nicolae_vaults_yaktaur_gun_rack, grunt_vaults_hallway_long,
          ontoclasm_vaults_decontamination, v_misc_4, hangedman_vaults_capsules,
          v_misc_25, ontoclasm_vaults_bender, vaults_room_grid, v_rooms_3,
          nicolae_vaults_little_squares_1, serial_shops, bzr_in_the_mist,
          uniq_mennas
Depths:1: lightli_too_deep, serial_sigils_hangedman_snap,
          minmay_shop_grid_forest, kennysheep_two_boxes, serial_bayou_shore_b
Depths:2: emtedronai_trogs_sanctum, enter_ziggurat_d, hell_entry,
          serial_bayou_pond_a
Depths:3: minmay_glassy_protrusions, abyss_entry, hangedman_tar_grid_catacomb,
          pan_entry, minmay_misc_feat_x, kennysheep_crisscross,
          minmay_shop_star, infiniplex_staircase_diamond
Depths:4: minmay_the_grid_triangle_9x9_recursive_3_mashed,
          nicolae_ashenzari_panopticon, abyss_entry_small_statue_room,
          grunt_hell_entry_dis_mu, skrybe_limestone_x
Depths:5: evilmike_zot_entry_hall, hell_entry, grunt_decor_cap,
          minmay_guarded_unrand_vampires_tooth
Abyss:3:  nicolae_abyss_rune_left_handed
Pan:      rand_demon_9, pan_blood_fountain_small, rand_demon_5,
          evilmike_holy_pan
Bailey:   bailey_axe_2, bailey
